 Dungeon Crawl Stone Soup version 0.18-a0-674-g00855b9 (webtiles) character file.

12259 Raultor the Cleaver (level 11, -7/99 HPs)
             Began as a Hill Orc Gladiator on Dec 6, 2015.
             Was an Elder of Zin.
             Mangled by a komodo dragon (12 damage)
             ... on level 1 of the Lair of Beasts.
             The game lasted 00:38:23 (11087 turns).

Raultor the Cleaver (Hill Orc Gladiator)           Turns: 11087, Time: 00:38:23

Health: -7/99      AC: 13    Str: 32    XL:     11   Next: 90%
Magic:  0/16       EV: 15    Int:  8    God:    Zin [****..]
Gold:   413        SH:  0    Dex: 15    Spells: 1 memorised, 7 levels left

rFire  . . .     SeeInvis +     K - +2 war axe of Instinct {flame, *Contam rPois MR++ Str+4}
rCold  . . .     Clarity  .     X - +1 scale mail "Jugaewn" {Str+7} (curse)
rNeg   . . .     SustAt   .     (no shield)
rPois  +         Gourm    .     c - +0 helmet
rElec  .         Spirit   +     H - +0 cloak {+Inv}
rCorr  .         Dismiss  .     A - +0 pair of gloves
rMut   .         Stasis   .     (no boots)
MR     ++...                    L - amulet of guardian spirit {Spirit}
Stlth  ..........               E - ring of see invisible {sInv, !d}
                                s - +3 ring of dexterity

@: very slightly contaminated, invisible, very resistant to hostile
enchantments, extremely unstealthy
A: no striking features
a: Recite, Vitalisation, Imprison, Donate Gold, Renounce Religion


You were on level 1 of the Lair of Beasts.
You worshipped Zin.
Zin was greatly pleased with you.
You were not hungry.

You visited 3 branches of the dungeon, and saw 14 of its levels.

You collected 788 gold pieces.
You spent 297 gold pieces at shops.
You donated 78 gold pieces to Zin.

Inventory:

Hand Weapons
 K - the +2 war axe of Instinct (weapon) {flame, *Contam rPois MR++ Str+4}
   (You found it on level 7 of the Dungeon)

   It has been specially enchanted to burn those struck by it, causing extra
   injury to most foes and up to half again as much damage against particularly
   susceptible opponents.
   Big, fiery blades are also staple armaments of hydra-hunters.
   It affects your strength (+4).
   It protects you from poison.
   It affects your resistance to hostile enchantments.
   It causes magical contamination when unequipped.
 O - a +3 flail of crushing
   (You took it off a gnoll on level 6 of the Dungeon)
 S - the +5 long sword of Immorality {freeze, +Inv +Fly Dex+3}
   (You found it on level 9 of the Dungeon)

   It has been specially enchanted to freeze those struck by it, causing extra
   injury to most foes and up to half again as much damage against particularly
   susceptible opponents.
   It can also slow down cold-blooded creatures.
   It affects your dexterity (+3).
   It lets you turn invisible.
   It lets you fly.
Missiles
 d - 4 throwing nets {=f, !d}
Armour
 c - a +0 helmet (worn)
 x - a +0 scale mail of cold resistance
   (You took it off an orc on level 10 of the Dungeon)
 A - a +0 pair of gloves (worn)
   (You found it on level 3 of the Dungeon)
 H - a +0 cloak of invisibility (worn)
   (You took it off Crazy Yiuf on level 5 of the Dungeon)
 X - the cursed +1 scale mail "Jugaewn" (worn) {Str+7}
   (You bought it in a shop on level 11 of the Dungeon)

   It affects your strength (+7).
   It has a curse placed upon it.
Jewellery
 b - an uncursed amulet of stasis {Stasis, !d}
   (You found it on level 12 of the Dungeon)
 s - a +3 ring of dexterity (left hand)
   (You found it on level 2 of the Dungeon)
 E - a ring of see invisible (right hand) {sInv, !d}
   (You found it on level 4 of the Dungeon)
 L - an amulet of guardian spirit (around neck) {Spirit}
   (You found it on level 6 of the Dungeon)
 U - an uncursed ring of protection from cold {rC+, !d}
   (You found it on level 9 of the Dungeon)
Wands
 R - a wand of enslavement (16)
   (You found it on level 9 of the Dungeon)
 Z - a wand of fire (2)
   (You found it on level 12 of the Dungeon)
Scrolls
 f - 2 scrolls of amnesia
 g - 2 scrolls of recharging {unknown}
 i - 4 scrolls of immolation {!r}
 j - 6 scrolls of teleportation
 n - 3 scrolls of enchant weapon
 o - 5 scrolls of remove curse
 p - 4 scrolls of identify
 v - a scroll of blinking {unknown}
 z - 3 scrolls of magic mapping {unknown}
 B - 2 scrolls of fear
 N - 3 scrolls of noise {unknown}
 P - a scroll of holy word {unknown}
 T - a scroll of fog {unknown}
 V - a scroll of enchant armour {unknown}
 W - a scroll of vulnerability {unknown}
Potions
 h - 3 potions of haste {unknown}
 k - a potion of magic {unknown}
 l - 3 potions of flight {unknown}
 m - 2 potions of ambrosia {!q}
 t - 8 potions of curing
 F - a potion of berserk rage {unknown}
 G - 5 potions of might {unknown}
 I - a potion of agility
 J - a potion of mutation {unknown}
 M - 3 potions of lignification {!q}
 Q - a potion of cancellation {unknown}
Books
 a - a book of Flames
   (You found it on level 11 of the Dungeon)
 r - a book of the Earth
   (You found it on level 11 of the Dungeon)
 D - a book of Clouds
   (You found it on level 9 of the Dungeon)
Miscellaneous
 y - a lamp of fire (inert)
   (You found it on level 10 of the Dungeon)
Comestibles
 e - 7 bread rations {@e1}
 q - 5 royal jellies
 u - 10 fruits
 w - 7 meat rations {@e2}
 C - 2 beef jerkies


   Skills:
 + Level 10.0 Fighting
 * Level 14.5 Axes
 - Level 1.7 Throwing
 + Level 8.5 Armour
 + Level 7.0 Dodging
 + Level 7.3 Invocations


You had 7 spell levels left.
You knew the following spells:

 Your Spells              Type           Power        Failure   Level  Hunger
c - Conjure Flame         Conj/Fire      #.......     99%         3    ####...


Dungeon Overview and Level Annotations

Branches:
Dungeon (12/15)            Temple (1/1) D:5            Lair (1/8) D:9
    Orc (0/4) D:10

Altars:
Ashenzari
Cheibriados
Dithmenos
Elyvilon
Fedhas
Gozag
Kikubaaqudgha
Makhleb
Nemelex Xobeh
Okawaru
Pakellas
Qazlal
Ru
Sif Muna
Trog
Vehumet
Xom
Yredelemnul
Zin
The Shining One

Shops:
D:11 *


Message History

You kill the river rat!
Things that are here:
a river rat corpse x2
l - 3 sedimented golden potions (gained 1)
A river rat comes into view.
You regained 2 hp, and now have 95/99 hp.
MP restored: 16 A river rat comes into view.
You hit the river rat. You burn the river rat.
The river rat closely misses you.
You slash the river rat! You burn the river rat.
You kill the river rat!
You hit the river rat. You burn the river rat.
The river rat bites you but does no damage.
You barely miss the river rat. The river rat closely misses you.
You hit the river rat. You burn the river rat.
You kill the river rat!
No target in view!
An electric eel comes into view.
The electric eel shoots out a bolt of lightning at you!
The bolt of electricity hits you!
You take 3 damage, and have 95/99 hp.
You now have 15/16 mp.
The electric eel shoots out a bolt of lightning at you!
The bolt of electricity hits you!
You see here a scroll of immolation {!r}.
You take 3 damage, and have 92/99 hp.
You now have 14/16 mp.
A spiny frog comes into view.
The spiny frog croaks.
The electric eel shoots out a bolt of lightning at you!
The bolt of electricity hits you!
You take 8 damage, and have 84/99 hp.
You now have 13/16 mp.
The electric eel shoots out a bolt of lightning at you!
The bolt of electricity hits you!
You take 5 damage, and have 79/99 hp.
You now have 12/16 mp.
You barely miss the electric eel.
The electric eel shoots out a bolt of lightning at you!
The bolt of electricity hits you!
You take 6 damage, and have 73/99 hp.
You now have 11/16 mp.
You hit the electric eel but do no damage.
The electric eel shoots out a bolt of lightning at you!
The bolt of electricity hits you!
You take 3 damage, and have 70/99 hp.
You now have 10/16 mp.
You slash the electric eel! You burn the electric eel.
You slash the spiny frog! You burn the spiny frog.
The spiny frog barely misses you.
The electric eel shoots out a bolt of lightning at you!
The bolt of electricity hits you!
You take 9 damage, and have 61/99 hp.
You now have 9/16 mp.
You slice the electric eel!! You burn the electric eel.
You kill the electric eel!
You slash the spiny frog! You burn the spiny frog.
The spiny frog stings you but does no damage.
You slash the spiny frog! You burn the spiny frog. The spiny frog stings you!
You take 14 damage, and have 47/99 hp.
You now have 8/16 mp.
You hit the spiny frog. You burn the spiny frog.
The spiny frog barely misses you.
You slash the spiny frog! You burn the spiny frog.
You kill the spiny frog!
i - 4 scrolls of immolation {!r} (gained 1) All of the chunks of flesh in your inventory have rotted away.
Y - a potion of invisibility You regained 4 hp, and now have 52/99 hp.
You regained 2 mp, and now have 10/16 mp.
Found a runed dagger.
d - 4 throwing nets {=f, !d} (gained 1)
You regained 2 hp, and now have 54/99 hp.
You regained 2 mp, and now have 12/16 mp.
You see here a runed dagger.
A komodo dragon comes into view.
The komodo dragon hisses angrily.
You regained 2 hp, and now have 56/99 hp.
You are too injured to fight recklessly!
Okay, then.
Remove which piece of jewellery? (? for menu, Esc to quit)
Okay, then.
Aim: a komodo dragon (chance to defeat MR: 28%)
Okay, then.
You hit the komodo dragon. You burn the komodo dragon.
The komodo dragon bites you but does no damage.
You hit the komodo dragon but do no damage.
The komodo dragon bites you!!
You take 21 damage, and have 39/99 hp.
MASSIVE DAMAGE!!
You now have 10/16 mp.
You slash the komodo dragon! You burn the komodo dragon.
You hit the komodo dragon. You burn the komodo dragon.
The komodo dragon bites you!!
* * * LOW HITPOINT WARNING * * *
You take 19 damage, and have 20/99 hp.
You now have 6/16 mp.
You barely miss the komodo dragon. The komodo dragon bites you!!
* * * LOW HITPOINT WARNING * * *
You take 19 damage, and have 1/99 hp.
You now have 0/16 mp.
Drink which item? (? for menu, Esc to quit)
You fade into invisibility!
The komodo dragon misses you.
You are very lightly contaminated with residual magic.
You hit the komodo dragon. You burn the komodo dragon.
You hit the komodo dragon. You burn the komodo dragon.
The komodo dragon bites you!
You die...

##.#....# #...#...#
######.##..###
#....P..##.##
##.....##...#
##.†.†....###
#...††....##
##..........#
#......@..#.# ###
#........l####
####.##...#.......#
##P#....#P#..P##..##
##...# # ##.##...†##.
...P.##########.#......#
........................
...######..#.............
...#######...............


You could see a komodo dragon.

Vanquished Creatures
  An unseen horror (D:12)
  The ghost of xeno23 the Insei, a novice HuMo of Ru (D:7)
  2 hill giants
  An ugly thing (D:11)
  A spiny frog (Lair:1)
  Maurice (D:11)
  A fire drake (D:10)
  An efreet (D:11)
  2 trolls
  Grinder (D:5)
  2 two-headed ogres
  4 slime creatures (D:12)
  A shadow (D:12)
  A wyvern (D:12)
  5 yaks (D:12)
  Grum (D:11)
  4 hippogriffs
  A steam dragon (D:12)
  2 hungry ghosts
  2 wolves (D:11)
  An eye of draining (D:10)
  2 sky beasts
  2 orc warriors
  3 water moccasins
  A black bear (D:11)
  2 ice beasts
  5 ogres
  4 centaurs
  A wasp (D:12)
  A big kobold (D:12)
  9 giant frogs
  4 scorpions
  A wyvern skeleton (D:12)
  3 spriggan skeletons (D:12)
  An electric eel (Lair:1)
  3 crimson imps
  A jelly (D:11)
  2 quasits (D:10)
  A giant frog zombie (D:12)
  Crazy Yiuf (D:5)
  A giant frog skeleton (D:5)
  3 orc priests
  Ijyb (D:2)
  7 orc wizards
  4 centaur skeletons (D:12)
  Terence (D:2)
  6 iguanas
  8 worker ants
  2 sheep (D:6)
  A hound skeleton (D:10)
  10 adders
  8 gnolls
  10 river rats (Lair:1)
  4 shadow imps
  2 oozes
  5 worms
  9 giant geckos
  24 orcs
  A ball python (D:3)
  4 giant cockroaches
  7 hobgoblins
  18 jackals
  A ball python skeleton (D:4)
  5 bats
  3 giant newts
  6 goblins
  A jackal skeleton (D:4)
  A jackal zombie (D:5)
  13 kobolds
  6 quokkas
  6 rats
261 creatures vanquished.

Vanquished Creatures (others)
  An orc warrior (D:10)
  An orc (D:10)
2 creatures vanquished.

Grand Total: 263 creatures vanquished

Notes
Turn   | Place    | Note
--------------------------------------------------------------
     0 | D:1      | Raultor the Hill Orc Gladiator began the quest for the Orb.
     0 | D:1      | Reached XP level 1. HP: 18/18 MP: 1/1
   120 | D:1      | Reached XP level 2. HP: 18/25 MP: 2/2
   787 | D:2      | Reached XP level 3. HP: 21/30 MP: 3/3
  1030 | D:2      | Noticed Terence
  1044 | D:2      | Killed Terence
  1044 | D:2      | Reached skill level 3 in Fighting
  1044 | D:2      | Reached skill level 5 in Axes
  1044 | D:2      | Reached skill level 1 in Armour
  1214 | D:2      | Reached XP level 4. HP: 38/38 MP: 4/4
  1553 | D:3      | Noticed Ijyb
  1581 | D:2      | HP: 9/38 [something (1)]
  1591 | D:2      | HP: 2/38 [something/puff of flame (8)]
  1596 | D:2      | HP: 4/38 [something (3)]
  1603 | D:2      | Reached skill level 3 in Dodging
  1603 | D:2      | Reached XP level 5. HP: 15/45 MP: 5/5
  1822 | D:2      | Killed Ijyb
  1822 | D:2      | Reached skill level 2 in Armour
  1861 | D:3      | Reached skill level 6 in Axes
  2477 | D:4      | Reached XP level 6. HP: 45/52 MP: 6/6
  2600 | D:4      | Found a sparkling altar of Nemelex Xobeh.
  2774 | D:4      | Reached skill level 4 in Fighting
  3171 | D:5      | Entered Level 5 of the Dungeon
  3171 | D:5      | Found a sacrificial altar of Ru.
  3222 | D:5      | Found a staircase to the Ecumenical Temple.
  3233 | Temple   | Entered the Ecumenical Temple
  3790 | D:5      | Reached skill level 7 in Axes
  3791 | D:5      | Noticed a hippogriff
  3792 | D:5      | Noticed Grinder
  3847 | D:5      | Reached XP level 7. HP: 50/60 MP: 7/7
  3895 | D:5      | Killed a hippogriff
  3895 | D:5      | Reached skill level 5 in Fighting
  3895 | D:5      | Reached skill level 3 in Armour
  3999 | D:5      | Noticed Crazy Yiuf
  4004 | D:5      | Killed Crazy Yiuf
  4228 | D:5      | Reached skill level 8 in Axes
  4352 | D:5      | Killed Grinder
  4352 | D:5      | Reached skill level 4 in Dodging
  4352 | D:5      | Reached XP level 8. HP: 20/69 MP: 8/8
  4713 | D:6      | Found an opulent altar of Gozag.
  4848 | D:6      | Found a bloodstained altar of Trog.
  4863 | D:6      | Reached skill level 9 in Axes
  4890 | D:6      | Reached skill level 4 in Armour
  5284 | D:6      | Reached skill level 6 in Fighting
  5426 | D:6      | Found an oddly glowing altar of Pakellas.
  5698 | D:7      | Reached skill level 10 in Axes
  5765 | D:7      | Found a basalt altar of Yredelemnul.
  5775 | D:7      | Reached skill level 5 in Armour
  5775 | D:7      | Reached XP level 9. HP: 78/78 MP: 9/9
  5803 | D:7      | Noticed xeno23's ghost (novice HuMo)
  5854 | D:7      | Killed xeno23's ghost
  5854 | D:7      | Reached skill level 7 in Fighting
  5854 | D:7      | Reached skill level 5 in Dodging
  6016 | D:7      | Found a radiant altar of Vehumet.
  6023 | D:7      | Got a jewelled war axe
  6024 | D:7      | Identified the +2 war axe of Instinct {flame, *Contam rPois MR++ Str+4} (You found it on level 7 of the Dungeon)
  6188 | D:8      | HP: 18/79 [ogre/giant club (14)]
  6189 | D:8      | Reached skill level 11 in Axes
  6549 | D:8      | Found a shimmering altar of Xom.
  6552 | D:8      | Noticed an angel
  6553 | D:8      | Found a glowing silver altar of Zin.
  6576 | D:8      | Became a worshipper of Zin the Law-Giver
  6576 | D:8      | Reached * piety under Zin
  6644 | D:8      | Reached ** piety under Zin
  6840 | D:8      | Reached skill level 1 in Invocations
  7050 | D:9      | Reached skill level 6 in Armour
  7082 | D:9      | Found a staircase to the Lair.
  7082 | D:9      | Noticed a fire drake
  7116 | D:9      | Reached skill level 2 in Invocations
  7165 | D:9      | Found a shadowy altar of Dithmenos.
  7177 | D:9      | Reached XP level 10. HP: 85/88 MP: 11/11
  7182 | D:9      | Reached skill level 12 in Axes
  7242 | D:9      | Reached skill level 8 in Fighting
  7242 | D:9      | Reached skill level 3 in Invocations
  7288 | D:9      | Learned a level 3 spell: Conjure Flame
  7310 | D:9      | Got an ichor-stained long sword
  7311 | D:9      | Identified the +5 long sword of Immorality {freeze, +Inv +Fly Dex+3} (You found it on level 9 of the Dungeon)
  7339 | D:9      | Reached *** piety under Zin
  7498 | D:10     | Entered Level 10 of the Dungeon
  7690 | D:10     | Reached **** piety under Zin
  8256 | D:10     | Reached skill level 4 in Invocations
  8289 | D:10     | Reached skill level 7 in Armour
  8289 | D:10     | Reached skill level 6 in Dodging
  8714 | D:10     | Found a staircase to the Orcish Mines.
  8967 | D:11     | Noticed Maurice
  8980 | D:11     | Killed Maurice
  9328 | D:11     | Reached skill level 13 in Axes
  9374 | D:11     | Reached skill level 5 in Invocations
  9589 | D:11     | Found Puixtyli's Assorted Antiques.
  9593 | D:11     | Noticed a hill giant
  9594 | D:11     | Noticed a green ugly thing
  9607 | D:11     | Killed a hill giant
  9607 | D:11     | Reached skill level 9 in Fighting
  9607 | D:11     | Reached XP level 11. HP: 73/97 MP: 11/15
  9615 | D:11     | Bought a scroll of identify for 54 gold pieces
  9615 | D:11     | Bought a translucent scale mail for 243 gold pieces
  9631 | D:11     | Identified the cursed +1 scale mail "Jugaewn" {Str+7} (You bought it in a shop on level 11 of the Dungeon)
  9878 | D:11     | Noticed Grum
  9894 | D:11     | Killed Grum
 10108 | D:12     | Reached skill level 6 in Invocations
 10115 | D:12     | Found a glowing silver altar of Zin.
 10307 | D:12     | Reached skill level 8 in Armour
 10386 | D:12     | Reached skill level 14 in Axes
 10494 | D:12     | Found an opulent altar of Gozag.
 10595 | D:12     | Noticed an unseen horror
 10620 | D:12     | Killed an unseen horror
 10634 | D:12     | Reached skill level 7 in Invocations
 10728 | D:12     | Noticed a hill giant
 10735 | D:12     | Killed a hill giant
 10911 | Lair:1   | Entered Level 1 of the Lair of Beasts
 10922 | Lair:1   | Reached skill level 10 in Fighting
 10985 | Lair:1   | Reached skill level 7 in Dodging
 11070 | Lair:1   | HP: 20/99 [komodo dragon (20)]
 11071 | Lair:1   | HP: 1/99 [komodo dragon (19)]
 11087 | Lair:1   | Mangled by a komodo dragon

Vault maps used:
D:1:      evilmike_arrival_crescent
D:2:      first_bread, roderic_whirl, uniq_terence
D:3:      uniq_iyjb
D:4:      minmay_door_path, overflow_temple_1_default
D:5:      lemuel_crystal_altar, minmay_temple_entry_glass, uniq_grinder,
          uniq_crazy_yiuf_cottage
D:6:      grunt_pakellas_basics, basic_altar, trog_butcher_becter
D:7:      overflow_temple_1_default, nicolae_overflow_crystal_walls
D:8:      grunt_temple_overflow_order_and_chaos_1
D:9:      lemuel_doored_altar, minmay_lair_entry_lava
D:10:     orc_0_dummy
D:11:     serial_shops, shop, uniq_grum, uniq_maurice
D:12:     basic_altar, hangedman_tell_no_tales, dk_noncrumbling_3,
          grunt_gozag_breadcrumbs
Temple:   dpeg_five_rooms_temple_12
Lair:1:   serial_bayou_shore_b, serial_bayou_shore_a, infiniplex_staircase_pool,
          lemuel_fruit_fields

Action                   |  1- 3 |  4- 6 |  7- 9 | 10-12 || total
-------------------------+-------+-------+-------+-------++-------
Melee: War axe           |    83 |   234 |   280 |   370 ||   967
Invok: Vitalisation      |       |       |     1 |     8 ||     9
       Recite            |       |       |       |     3 ||     3
Evoke: Lamp of fire      |       |       |       |     1 ||     1
       Wand              |       |       |       |     1 ||     1
  Use: Potion            |       |     2 |     2 |     2 ||     6
       Scroll            |       |       |    11 |       ||    11
 Stab: Sleeping          |       |     2 |       |       ||     2
       Invisible         |       |       |       |     4 ||     4
       Paralysed         |       |       |       |     1 ||     1
  Eat: Chunk             |     1 |     8 |    10 |    12 ||    31
       Royal jelly       |       |       |     1 |     1 ||     2
       Beef jerky        |       |       |       |     1 ||     1

Vault maps used:
D:1:      evilmike_arrival_crescent
D:2:      first_bread, roderic_whirl, uniq_terence
D:3:      uniq_iyjb
D:4:      minmay_door_path, overflow_temple_1_default
D:5:      lemuel_crystal_altar, minmay_temple_entry_glass, uniq_grinder,
          uniq_crazy_yiuf_cottage
D:6:      grunt_pakellas_basics, basic_altar, trog_butcher_becter
D:7:      overflow_temple_1_default, nicolae_overflow_crystal_walls
D:8:      grunt_temple_overflow_order_and_chaos_1
D:9:      lemuel_doored_altar, minmay_lair_entry_lava
D:10:     orc_0_dummy
D:11:     serial_shops, shop, uniq_grum, uniq_maurice
D:12:     basic_altar, hangedman_tell_no_tales, dk_noncrumbling_3,
          grunt_gozag_breadcrumbs
Temple:   dpeg_five_rooms_temple_12
Lair:1:   serial_bayou_shore_b, serial_bayou_shore_a, infiniplex_staircase_pool,
          lemuel_fruit_fields

Table legend:
 A = Turns spent in this place as a percentage of turns spent in the entire game.
 B = Non-inter-level travel turns spent in this place as a percentage of non-inter-level travel turns spent in the entire game.
 C = Inter-level travel turns spent in this place as a percentage of turns spent in this place.
 D = Turns resting spent in this place as a percentage of non-inter-level travel turns spent in this place.
 E = Turns spent auto-exploring this place as a percentage of non-inter-level travel turns spent in this place.
 F = Non-inter-level travel turns spent in this place divided by the number of levels of this place that you've seen.
                   A       B       C       D       E      F
               +-------+-------+-------+-------+-------+----------------------
         Total | 100.0 | 100.0 |   0.8 |   2.1 |  14.0 | 169.9
       Dungeon |  95.2 |  95.3 |   0.7 |   2.2 |  13.8 | 188.8
        Temple |   1.0 |   0.9 |   8.7 |   0.0 |  71.4 |  21.0
          Lair |   3.8 |   3.9 |   0.0 |   0.0 |   6.5 |  92.0
               +-------+-------+-------+-------+-------+----------------------

Table legend:
 A = Kills in this place as a percentage of kills in entire the game.
 B = Kills by you in this place as a percentage of kills by you in the entire game.
 C = Kills by friends in this place as a percentage of kills by friends in the entire game.
 D = Other kills in this place as a percentage of other kills in the entire game.
 E = Experience gained in this place as a percentage of experience gained in the entire game.
 F = Experience gained in this place divided by the number of levels of this place that you have seen.
                   A       B       C       D       E      F
               +-------+-------+-------+-------+-------+----------------------
         Total | 100.0 | 100.0 |  -nan | 100.0 | 100.0 | 1250.9
       Dungeon |  94.7 |  94.6 |  -nan | 100.0 |  94.3 | 1375.8
          Lair |   5.3 |   5.4 |  -nan |   0.0 |   5.7 | 1003.0
               +-------+-------+-------+-------+-------+----------------------
